 Dungeon Crawl Stone Soup version 0.23-a0-422-g30b1108 (webtiles) character file.

29 Chara the Sneak (level 3, -10/19 HPs)
             Began as a Kobold Enchanter on Nov 14, 2018.
             Mangled by a worm (11 damage)
             ... on level 2 of the Dungeon.
             The game lasted 00:07:59 (1208 turns).

Chara the Sneak (Kobold Enchanter)                  Turns: 1208, Time: 00:07:59

Health: -10/19     AC:  3    Str:  5    XL:     3   Next: 32%
Magic:  1/6        EV: 15    Int: 17    God:
Gold:   40         SH:  0    Dex: 15    Spells: 4/7 levels left

rFire    . . .     SeeInvis .   l - +0 mace (holy)
rCold    . . .     Gourm    .   (shield restricted)
rNeg     . . .     Faith    .   b - +0 robe
rPois    .         Spirit   .   (no helmet)
rElec    .         Reflect  .   e - +0 cloak
rCorr    .         Harm     .   (no gloves)
MR       .....                  (no boots)
Stlth    +++.......             (no amulet)
HPRegen  0.06/turn              (no ring)
MPRegen  0.10/turn              (no ring)

@: very slightly contaminated
A: small, carnivore
a: no special abilities


You were on level 2 of the Dungeon.
You were not hungry.

You visited 1 branch of the dungeon, and saw 2 of its levels.

You collected 40 gold pieces.

Inventory:

Hand Weapons
 a - a +1 dagger
 l - a +0 mace of holy wrath (weapon)
Armour
 b - a +0 robe (worn)
 e - a +0 cloak (worn)
Scrolls
 c - 5 scrolls of identify {unknown}
 f - a scroll of immolation {unknown}
 h - a scroll of remove curse {unknown}
 i - a scroll of blinking {unknown}
 k - a scroll of fog {unknown}
Potions
 g - a potion of haste {unknown}
 j - a potion of curing {unknown}
Comestibles
 d - 3 rations


   Skills:
 * Level 0.2 Fighting
 - Level 1.6 Short Blades
 * Level 0.1 Maces & Flails
 + Level 2.7 Dodging
 * Level 4.5 Stealth
 + Level 2.5 Spellcasting
 * Level 3.3 Hexes


You had 4 spell levels left.
You knew the following spells:

 Your Spells              Type           Power        Failure   Level  Hunger
a - Corona                Hex            ##.....      4%          1    #......
b - Ensorcelled Hibernat  Hex/Ice        #.....       14%         2    ##.....

Your spell library contained the following spells:

 Spells                   Type           Power        Failure   Level  Hunger
 Confuse                  Hex            ##......     14%         3    ###....
 Tukima's Dance           Hex            ##......     14%         3    ###....
 Dazzling Spray           Conj/Hex       #.....       28%         3    ###....


Dungeon Overview and Level Annotations

Branches:
Dungeon (2/15)

Altars:


Innate Abilities, Weirdness & Mutations

You are small and have problems with some larger weapons.
You are carnivorous and can eat meat at any time.


Message History

Casting: Ensorcelled Hibernation (safe; 14% risk of failure)
Confirm with . or Enter, or press ? or * to list all spells.
You don't have enough magic to cast that spell.
You barely miss the worm.
The worm is moderately wounded.
The worm barely misses you.
You hit the worm.
The worm is heavily wounded.
The worm completely misses you.
You hit the worm.
The worm is severely wounded.
The worm bites you.
* * * LOW HITPOINT WARNING * * *
You barely miss the worm.
The worm is severely wounded.
You hit the worm.
The worm is almost dead.
The worm bites you!
Ouch! That really hurt!
You die...

# ###.#
#. #....
#.##.#.#
#.?....#
#......#
#. #..)##
#. #.%.%#
#.####w##
#...##@#
#......#
#...####
##.## #.#
####†####
#...†...#
#.##.##.#
#. #.##.#


You could see a worm.

Vanquished Creatures
  3 dart slugs
  A leopard gecko (D:1)
  A ball python (D:1)
  2 giant cockroaches (D:1)
  5 goblins (D:1)
  2 hobgoblins
  2 jackals (D:1)
  A bat (D:1)
  A frilled lizard (D:1)
  2 kobolds (D:2)
20 creatures vanquished.

Notes
Turn   | Place    | Note
-------+----------+-------------------------------------------
     0 | D:1      | Chara the Kobold Enchanter began the quest for the Orb.
     0 | D:1      | Reached XP level 1. HP: 10/10 MP: 3/3
   325 | D:1      | Reached XP level 2. HP: 15/15 MP: 5/5
   329 | D:1      | Learned a level 2 spell: Ensorcelled Hibernation
   684 | D:1      | Reached XP level 3. HP: 19/19 MP: 6/6
  1208 | D:2      | Mangled by a worm

Vault maps used:
D:1:      arrival_zaba_pyramid
D:2:      cheibrodos_greedy_goblins, vehumet_crystals,
          overflow_temple_1_default, nicolae_ru_sacrificial_ziggurat,
          zin_treasury, first_ration

Action                   || total
-------------------------++-------
Melee: Dagger            ||    44
       Mace              ||    18
 Cast: Corona            ||     2
       Ensorcelled Hiber ||    12
 Stab: Sleeping          ||     6
  Eat: Chunk             ||     4
Armor: Robe              ||    10
Dodge: Dodged            ||    45

Table legend:
 A = Non-vault XP
 B = Vault XP
 C = Vault XP percentage of total XP
 D = Non-vault monster count
 E = Vault monster count
 F = Vault count percentage of total count
                 A         B        C        D         E       F
            +---------+---------+-------+---------+---------+-------
      Total |      42 |       0 |   0.0 |      20 |       0 |   0.0
            +---------+---------+-------+---------+---------+-------
        D:1 |      33 |       0 |   0.0 |      16 |       0 |   0.0
        D:2 |       9 |       0 |   0.0 |       4 |       0 |   0.0
            +---------+---------+-------+---------+---------+-------
